 Dungeon Crawl Stone Soup version 0.26-a0-651-gb41185065b (webtiles) character file.

Game seed: 14768913630433835593

62 Azzok the Skirmisher (level 3, 0/29 HPs)
             Began as a Demonspawn Fighter on Oct 10, 2020.
             Succumbed to an adder's poison
             ... on level 2 of the Dungeon.
             The game lasted 00:02:07 (1189 turns).

Azzok the Skirmisher (Demonspawn Fighter)           Turns: 1189, Time: 00:02:08

Health: 0/29       AC:  6    Str: 17    XL:     3   Next: 85%
Magic:  3/3        EV:  6    Int:  9    God:
Gold:   79         SH:  9    Dex: 12    Spells: 2/2 levels left

rFire    . . .     SeeInvis .     - Unarmed
rCold    . . .     Faith    .   b - +0 kite shield
rNeg     . . .     Spirit   .   a - +0 scale mail
rPois    .         Reflect  .   (no helmet)
rElec    .         Harm     .   e - scarf {repulsion}
rCorr    .         Rampage  .   (no gloves)
MR       .....                  (no boots)
Stlth    ..........             (no amulet)
HPRegen  0.09/turn              (no ring)
MPRegen  0.08/turn              (no ring)

@: lethally poisoned (0 -> -3), flying, repel missiles
A: powered by death 1
a: no special abilities


You were on level 2 of the Dungeon.
You visited 1 branch of the dungeon, and saw 2 of its levels.

You collected 79 gold pieces.

Inventory:

Armour
 a - a +0 scale mail (worn)
 b - a +0 kite shield (worn)
 e - a scarf of repulsion (worn)
Jewellery
 k - a cursed -4 ring of slaying {unknown}
Scrolls
 c - a scroll of amnesia {unknown}
 d - a scroll of random uselessness {unknown}
 f - 3 scrolls of identify {unknown}
 j - 3 scrolls of teleportation {unknown}
Potions
 g - a potion of cancellation


   Skills:
 + Level 3.5 Fighting
 - Level 2.6 Armour
 + Level 3.0 Shields
 * Level 3.1 Unarmed Combat


You had 2 spell levels left.
You didn't know any spells.
Your spell library was empty.

Dungeon Overview and Level Annotations

Branches:
Dungeon (2/15)

Altars:


Innate Abilities, Weirdness & Mutations

You regenerate a little health from kills.


Message History

You miss the adder.
The adder is heavily wounded.
The adder barely misses you. You block the adder's attack.
Your shield and scale mail prevent you from hitting the adder.
The adder is heavily wounded.
The adder bites you but does no damage.
You hit the adder.
The adder is severely wounded.
The adder bites you but does no damage.
You barely miss the adder.
The adder is severely wounded.
You feel sick.
You are no longer poisoned.
The adder bites you.
* * * LOW HITPOINT WARNING * * *
You are lethally poisoned!
The adder poisons you!
You barely miss the adder.
The adder is severely wounded.
You die...

▒·▒▒···▒·▒▒▒
▒▒···········
·· ·······▒
▒· ·······▒
▒·▒▒···▒
▒··†···▒
▒▒▒▒···▒
▒·▒▒▒▒▒▒▒···▒
·······@Sw··▒
▒▒▒·▒▒▒▒▒···▒
▒·····▒ ·▒
▒▒·····▒▒▒·▒
▒··········▒
▒···········
▒···········
▒▒▒▒····▒▒·▒
▒···▒▒ ·▒


You could see a worm and an adder.

Vanquished Creatures
  4 adders (D:2)
  A worm (D:2)
  2 leopard geckos (D:1)
  A giant cockroach (D:1)
  3 goblins
  3 hobgoblins (D:1)
  2 bats (D:1)
  2 frilled lizards (D:1)
  2 kobolds
  4 rats (D:1)
24 creatures vanquished.

Notes
Turn   | Place    | Note
-------+----------+-------------------------------------------
     0 | D:1      | Azzok the Demonspawn Fighter began the quest for the Orb.
     0 | D:1      | Reached XP level 1. HP: 18/18 MP: 1/1
   372 | D:1      | Gained mutation: You regenerate a little health from kills.
                  | [demonic ancestry]
   372 | D:1      | Reached XP level 2. HP: 22/24 MP: 2/2
   757 | D:2      | Reached XP level 3. HP: 8/29 MP: 3/3
   799 | D:2      | HP: 1/29 [poisoned by an adder]
  1188 | D:2      | HP: 1/29 [adder (2)]
  1189 | D:2      | Succumbed to an adder's poison

Illustrated notes

Levels and vault maps discovered:
D:1:      ebering_trefoil_3fold, layout_rooms
D:2:      layout_loops_ring

Skill      XL: |  1  2  3 |
---------------+----------+-----
Unarmed Combat | 2 3 |  3.1
Shields        | 3 |  3.0
Fighting       | |  3.5
Armour         | |  2.6

Action                   || total
-------------------------++-------
Melee: Unarmed           ||   180
  Use: Potion            ||     5
Armor: Scale mail        ||    77
Dodge: Dodged            ||    36
Block: Kite shield       ||    75

Table legend: (Time is in decaauts)
 A = Elapsed time spent in this place.
 B = Non-inter-level travel time spent in this place.
 C = Inter-level travel time spent in this place.
 D = Time resting spent in this place.
 E = Time spent auto-exploring this place.
 F = Levels seen in this place.
 G = Mean time per level.
                   A        B        C        D        E       F      G
               +--------+--------+--------+--------+--------+-----+--------+
         Total |   1197 |   1153 |     44 |     78 |    750 |   2 |  598.5 |
       Dungeon |   1197 |   1153 |     44 |     78 |    750 |   2 |  598.5 |
               +--------+--------+--------+--------+--------+-----+--------+

Top non-repeatable levels by time:
     D:1: 690 daAuts
     D:2: 506 daAuts
